[ AOE2 MATCH · #470085665 ]
UnrankedMaya vs Ethiopians
Player's team · WIN
Rival team · LOSS
[ REPLAY ANALYSIS · EXTRACTED FROM THE RECORDED GAME ]
Feudal
9:53
Castle
21:14
Imperial
—
| APM avg | 42.5 |
| APM peak | 80 |
| eAPM avg | 15.1 |
| Villagers / military | 44 / 43 |
Focus
⚔️ 33.2% · 🌾 66.8%
Archer ×30 · Skirmisher ×13
Feudal
10:27
Castle
22:59
Imperial
—
| APM avg | 34.1 |
| APM peak | 54 |
| eAPM avg | 15.0 |
| Villagers / military | 43 / 52 |
Focus
⚔️ 29.9% · 🌾 70.1%
Archer ×41 · Militia ×6 · Skirmisher ×4 · Knight ×1
Match map
Initial resources + every placement click. Lines = walls · curves = elevation contours. ◆ gold · ⬟ stone · ● berries · ✦ relic · ◌ wall gap
Your base· ✓ Closed at 21:14 · 20t walls · 1 gate(s)
Luclas's base· ✓ Closed at 22:59 · 25t walls · no gate
Smoothed initial terrain · ◌ = detected wall gap · hover for details
Inputs per minute
— ThePizzaKnight - - Luclas
Build order — ThePizzaKnight
146 actions detected in the replay
| 0:02 | Research | Loom |
| 0:03 | Build | House |
| 0:05 | Build | House |
| 0:28 | Create | Villager (Male) |
| 0:28 | Create | Villager (Male) |
| 0:28 | Create | Villager (Male) |
| 0:29 | Create | Villager (Male) |
| 1:44 | Create | Villager (Male) |
| 1:44 | Create | Villager (Male) |
| 1:57 | Create | Villager (Male) |
| 2:05 | Build | Lumber Camp |
| 2:22 | Create | Villager (Male) |
| 2:53 | Create | Villager (Male) |
| 3:20 | Create | Villager (Male) |
| 3:20 | Create | Villager (Male) |
| 3:44 | Build | Mill |
| 3:46 | Create | Villager (Male) |
| 3:46 | Create | Villager (Male) |
| 3:59 | Build | House |
| 4:12 | Create | Villager (Male) |
| 4:14 | Create | Villager (Male) |
| 4:30 | Build | House |
| 4:31 | Build | Palisade Wall |
| 4:37 | Create | Villager (Male) |
| 5:31 | Create | Villager (Male) |
| 5:47 | Create | Villager (Male) |
| 6:03 | Create | Villager (Male) |
| 6:29 | Create | Villager (Male) |
| 6:52 | Create | Villager (Male) |
| 7:16 | Build | Barracks |
| 7:18 | Build | Palisade Wall |
| 7:37 | Create | Villager (Male) |
| 7:43 | Research | Feudal Age |
| 8:32 | Build | Mining Camp |
| 8:57 | Build | Palisade Wall |
| 9:32 | Create | Villager (Male) |
| 9:53 | Age | Feudal Age |
| 9:56 | Build | Archery Range |
| 10:08 | Build | Palisade Wall |
| 10:12 | Research | Double-Bit Axe |
| 10:19 | Create | Villager (Male) |
| 10:19 | Create | Villager (Male) |
| 10:26 | Build | Farm |
| 10:27 | Create | Villager (Male) |
| 10:37 | Build | House |
| 10:43 | Build | House |
| 10:44 | Create | Archer |
| 11:10 | Build | House |
| 11:13 | Build | Palisade Wall |
| 11:19 | Build | House |
| 11:26 | Build | Palisade Gate |
| 11:51 | Create | Skirmisher |
| 11:51 | Create | Skirmisher |
| 12:07 | Build | Blacksmith |
| 12:16 | Create | Villager (Male) |
| 12:16 | Create | Villager (Male) |
| 12:18 | Create | Villager (Male) |
| 12:30 | Build | Farm |
| 12:33 | Create | Skirmisher |
| 12:33 | Create | Skirmisher |
| 12:34 | Create | Skirmisher |
| 12:51 | Build | Farm |
| 12:57 | Create | Skirmisher |
| 13:06 | Build | Farm |
| 13:14 | Build | Farm |
| 13:15 | Create | Villager (Male) |
| 13:19 | Create | Villager (Male) |
| 13:23 | Build | House |
| 13:31 | Research | Fletching |
| 13:33 | Create | Skirmisher |
| 13:37 | Build | Farm |
| 13:41 | Build | Farm |
| 14:03 | Create | Villager (Male) |
| 14:06 | Build | Farm |
| 14:14 | Build | Farm |
| 14:18 | Build | Farm |
| 14:22 | Create | Villager (Male) |
| 14:27 | Create | Skirmisher |
| 14:28 | Create | Skirmisher |
| 14:43 | Build | Farm |
| 14:48 | Build | House |
| 14:51 | Build | House |
| 14:52 | Build | House |
| 14:56 | Create | Villager (Male) |
| 15:13 | Create | Skirmisher |
| 15:16 | Build | Farm |
| 15:30 | Build | House |
| 15:54 | Create | Villager (Male) |
| 15:54 | Create | Villager (Male) |
| 16:22 | Create | Villager (Male) |
| 16:25 | Build | Farm |
| 16:26 | Build | Farm |
| 16:36 | Build | House |
| 16:50 | Build | Farm |
| 16:53 | Create | Villager (Male) |
| 17:08 | Build | Archery Range |
| 17:32 | Create | Archer |
| 17:35 | Create | Villager (Male) |
| 18:34 | Research | Castle Age |
| 18:41 | Create | Archer |
| 18:42 | Create | Archer |
| 18:45 | Create | Archer |
| 18:50 | Build | Lumber Camp |
| 19:22 | Create | Archer |
| 19:36 | Research | Padded Archer Armor |
| 19:38 | Create | Villager (Male) |
| 19:52 | Create | Archer |
| 19:52 | Create | Archer |
| 20:00 | Build | Archery Range |
| 20:08 | Create | Archer |
| 20:08 | Create | Archer |
| 20:10 | Create | Archer |
| 20:16 | Create | Villager (Male) |
| 20:37 | Create | Archer |
| 20:38 | Create | Archer |
| 20:55 | Create | Archer |
| 20:56 | Create | Archer |
| 20:58 | Create | Skirmisher |
| 20:58 | Create | Skirmisher |
| 20:58 | Create | Skirmisher |
| 21:14 | Age | Castle Age |
| 21:22 | Research | Crossbowman (upgrade) |
| 21:48 | Create | Archer |
| 21:50 | Create | Archer |
| 21:50 | Create | Archer |
| 22:00 | Research | Bodkin Arrow |
| 22:26 | Create | Archer |
| 22:26 | Create | Archer |
| 22:26 | Create | Archer |
| 22:28 | Research | Thumb Ring |
| 22:28 | Research | Thumb Ring |
| 22:55 | Create | Villager (Male) |
| 22:56 | Create | Villager (Male) |
| 22:56 | Create | Villager (Male) |
| 23:05 | Create | Archer |
| 23:06 | Create | Archer |
| 23:06 | Create | Archer |
| 23:06 | Create | Archer |
| 23:22 | Build | University |
| 23:28 | Create | Archer |
| 23:28 | Create | Archer |
| 23:29 | Create | Archer |
| 23:55 | Create | Archer |
| 23:56 | Create | Archer |
| 24:29 | Research | Leather Archer Armor |
| 24:31 | Build | House |
Build order — Luclas
150 actions detected in the replay
| 0:01 | Create | Villager (Male) |
| 0:01 | Create | Villager (Male) |
| 0:02 | Create | Villager (Male) |
| 0:02 | Create | Villager (Male) |
| 0:02 | Create | Villager (Male) |
| 0:04 | Build | House |
| 0:06 | Build | House |
| 1:24 | Create | Villager (Male) |
| 2:02 | Create | Villager (Male) |
| 2:16 | Create | Villager (Male) |
| 2:48 | Create | Villager (Male) |
| 3:04 | Create | Villager (Male) |
| 3:33 | Create | Villager (Male) |
| 3:36 | Build | House |
| 3:56 | Build | Lumber Camp |
| 4:02 | Build | House |
| 4:13 | Create | Villager (Male) |
| 4:13 | Create | Villager (Male) |
| 4:38 | Create | Villager (Male) |
| 4:45 | Create | Villager (Male) |
| 5:30 | Create | Villager (Male) |
| 5:31 | Create | Villager (Male) |
| 5:34 | Create | Villager (Male) |
| 6:09 | Create | Villager (Male) |
| 6:16 | Create | Villager (Male) |
| 6:48 | Create | Villager (Male) |
| 7:23 | Build | Barracks |
| 7:34 | Research | Loom |
| 7:42 | Build | Mining Camp |
| 8:18 | Research | Feudal Age |
| 8:18 | Research | Feudal Age |
| 8:21 | Create | Militia |
| 8:35 | Build | House |
| 8:40 | Build | Palisade Wall |
| 8:41 | Build | Palisade Wall |
| 8:51 | Create | Militia |
| 9:02 | Create | Militia |
| 9:09 | Build | House |
| 9:14 | Build | Palisade Wall |
| 9:15 | Build | Palisade Wall |
| 9:19 | Create | Militia |
| 9:46 | Build | Palisade Wall |
| 10:27 | Age | Feudal Age |
| 10:34 | Research | Man-at-Arms (upgrade) |
| 10:42 | Build | Archery Range |
| 10:44 | Build | Archery Range |
| 10:50 | Create | Villager (Male) |
| 10:53 | Build | House |
| 11:09 | Create | Villager (Male) |
| 11:09 | Create | Villager (Male) |
| 11:39 | Create | Archer |
| 11:40 | Create | Archer |
| 11:43 | Create | Archer |
| 11:43 | Create | Archer |
| 11:56 | Create | Villager (Male) |
| 12:01 | Build | House |
| 12:05 | Build | Blacksmith |
| 12:07 | Create | Villager (Male) |
| 12:16 | Build | House |
| 12:19 | Build | Palisade Wall |
| 12:30 | Build | Mill |
| 12:33 | Create | Archer |
| 12:34 | Create | Archer |
| 12:51 | Create | Villager (Male) |
| 12:55 | Build | House |
| 12:59 | Build | Palisade Wall |
| 13:02 | Create | Villager (Male) |
| 13:11 | Create | Archer |
| 13:12 | Create | Archer |
| 13:14 | Create | Archer |
| 13:18 | Research | Padded Archer Armor |
| 13:33 | Research | Fletching |
| 13:36 | Build | Farm |
| 13:40 | Build | Farm |
| 13:41 | Create | Villager (Male) |
| 13:52 | Build | Farm |
| 13:54 | Build | Farm |
| 13:56 | Create | Archer |
| 14:23 | Create | Archer |
| 14:23 | Create | Archer |
| 14:25 | Create | Villager (Male) |
| 14:25 | Create | Villager (Male) |
| 14:39 | Build | Farm |
| 14:47 | Create | Archer |
| 14:49 | Create | Archer |
| 14:50 | Create | Villager (Male) |
| 14:57 | Build | Farm |
| 15:10 | Create | Archer |
| 15:10 | Create | Archer |
| 15:25 | Create | Villager (Male) |
| 15:33 | Build | Farm |
| 15:48 | Create | Archer |
| 15:58 | Create | Archer |
| 15:58 | Create | Archer |
| 16:01 | Create | Villager (Male) |
| 16:10 | Build | Farm |
| 16:23 | Create | Skirmisher |
| 16:24 | Create | Skirmisher |
| 16:36 | Create | Villager (Male) |
| 16:46 | Create | Villager (Male) |
| 16:49 | Build | Farm |
| 16:52 | Create | Villager (Male) |
| 17:18 | Create | Militia |
| 17:18 | Create | Militia |
| 17:25 | Create | Villager (Male) |
| 17:28 | Build | Farm |
| 17:31 | Build | Farm |
| 17:32 | Create | Villager (Male) |
| 17:37 | Create | Archer |
| 17:38 | Create | Archer |
| 18:01 | Create | Archer |
| 18:02 | Create | Archer |
| 18:06 | Build | House |
| 18:35 | Create | Archer |
| 18:35 | Create | Archer |
| 18:48 | Create | Archer |
| 19:17 | Create | Villager (Male) |
| 19:21 | Build | Farm |
| 19:22 | Build | Farm |
| 19:24 | Build | Farm |
| 19:54 | Create | Archer |
| 19:54 | Create | Archer |
| 20:15 | Build | Farm |
| 20:16 | Build | Farm |
| 20:19 | Research | Castle Age |
| 20:30 | Create | Archer |
| 20:31 | Create | Archer |
| 20:59 | Build | House |
| 21:00 | Create | Archer |
| 21:00 | Create | Archer |
| 21:21 | Create | Archer |
| 21:21 | Create | Archer |
| 22:18 | Build | Stable |
| 22:23 | Create | Archer |
| 22:23 | Create | Archer |
| 22:37 | Create | Archer |
| 22:38 | Create | Archer |
| 22:45 | Create | Archer |
| 22:45 | Create | Archer |
| 22:51 | Create | Skirmisher |
| 22:51 | Create | Skirmisher |
| 22:59 | Age | Castle Age |
| 23:03 | Research | Crossbowman (upgrade) |
| 23:16 | Create | Knight |
| 23:29 | Create | Villager (Male) |
| 23:41 | Research | Bodkin Arrow |
| 24:02 | Build | Siege Workshop |
| 24:03 | Create | Archer |
| 24:17 | Create | Villager (Male) |
| 24:17 | Create | Villager (Male) |
Match timeline
| 4:31 | ThePizzaKnight · wall_segment Palisade Wall x1 |
| 7:16 | ThePizzaKnight · first_building Barracks |
| 7:18 | ThePizzaKnight · wall_segment Palisade Wall x4 |
| 7:23 | Luclas · first_building Barracks |
| 8:40 | Luclas · wall_segment Palisade Wall x1 |
| 8:41 | Luclas · wall_segment Palisade Wall x1 |
| 8:57 | ThePizzaKnight · wall_segment Palisade Wall x5 |
| 9:14 | Luclas · wall_segment Palisade Wall x1 |
| 9:15 | Luclas · wall_segment Palisade Wall x1 |
| 9:46 | Luclas · wall_segment Palisade Wall x4 |
| 9:53 | ThePizzaKnight · age_up feudal |
| 9:56 | ThePizzaKnight · first_building Archery Range |
| 10:08 | ThePizzaKnight · wall_segment Palisade Wall x6 |
| 10:27 | Luclas · age_up feudal |
| 10:42 | Luclas · first_building Archery Range |
| 11:13 | ThePizzaKnight · wall_segment Palisade Wall x4 |
| 12:19 | Luclas · wall_segment Palisade Wall x6 |
| 12:59 | Luclas · wall_segment Palisade Wall x11 |
| 21:14 | ThePizzaKnight · age_up castle |
| 22:18 | Luclas · first_building Stable |
| 22:59 | Luclas · age_up castle |
| 24:02 | Luclas · first_building Siege Workshop |
| 24:32 | Luclas · resign |
[ AI ANALYSIS · 1 CREDIT ]
What really happened in this match?
Wolo.gg analyzes every decision: build order, eco, micro, common mistakes by bracket. Personalized analysis on WhatsApp or Discord in 30 seconds.
Civ guide
Maya
Perfil
Jugador #24676595